AoeStats
← hasanceylan256

Black Forest

509345375Analyzed
4v4 RM · 6d ago on Sep 26, 2026· 41m 2s· 8 players
Game mode
Random Map
Map size
Large (8 player)
Population
200
Speed
Normal
Resources
Standard
Victory
Conquest
Starting age
Dark Age
Ending age
Imperial Age
RankedLock teamsTeams togetherTeam positionsShared explorationLock speedFull tech treeHidden civsTurbo modeCheats
Victory
Defeat
🇦🇷 Gurjaras · Argentina
931
+10
🇫🇷 Portuguese · France
888
+22
🇯🇵 Franks · Japan
857
+13
🇨🇱 Lithuanians · Chile
835
+14
🇹🇷 Spanish · Türkiye
892
-27
🇸🇪 Celts · Sweden
785
-12
🇬🇷 Byzantines · Greece
760
-11
🇩🇰 Varangians · Denmark
750
-11
snoow.wolf.96
0:32 Loom
20:30 Feudal Age
22:38 Feudal Age
24:07 Horse Collar
26:36 Gold Mining
26:39 Stone Mining
29:01 Double-Bit Axe
33:37 Castle Age
33:36 Scale Barding Armor
33:41 Forging
34:58 Wheelbarrow
34:36 Heavy Plow
34:58 Chain Barding Armor
34:52 Bow Saw
35:24 Stone Shaft Mining
35:55 Iron Casting
35:53 Hand Cart
35:53 Caravan
36:54 Fervor
37:00 Fervor
Paribust
13:22 Feudal Age
16:12 Bloodlines
16:18 Loom
16:25 Double-Bit Axe
19:28 Fletching
25:56 Castle Age
26:32 Bodkin Arrow
26:43 Crossbowman
27:47 Horse Collar
32:23 Husbandry
38:57 Imperial Age
37:28 Wheelbarrow
36:39 Town Watch
39:23 Bow Saw
40:00 Thumb Ring
QZ7
9:07 Loom
10:56 Feudal Age
16:00 Castle Age
15:04 Double-Bit Axe
22:12 Horse Collar
24:14 Heavy Plow
25:01 Wheelbarrow
26:10 Hand Cart
27:54 Bow Saw
30:04 Kshatriyas
30:41 Fletching
30:52 Padded Archer Armor
35:02 Imperial Age
35:20 Heavy Camel Rider
36:14 Forging
36:10 Scale Barding Armor
36:28 Gold Mining
36:31 Stone Mining
38:49 Crop Rotation
39:19 Gold Shaft Mining
40:06 Chemistry
40:36 Iron Casting
40:22 Chain Barding Armor
店長
3:18 Loom
10:38 Feudal Age
17:49 Castle Age
16:40 Double-Bit Axe
18:22 Scale Barding Armor
19:16 Bow Saw
19:51 Wheelbarrow
25:42 Forging
25:53 Hand Cart
28:32 Iron Casting
28:19 Chain Barding Armor
28:11 Husbandry
30:03 Gold Mining
30:04 Stone Mining
31:24 Gold Shaft Mining
35:15 Imperial Age
33:13 Ballistics
35:15 Town Watch
36:14 Town Patrol
35:43 Cavalier
38:07 Chemistry
37:24 Paladin
38:53 Plate Barding Armor
38:10 Fletching
38:22 Padded Archer Armor
40:42 Blast Furnace
Wirsh
0:50 Loom
BlacKHazE.
Mr Seymour Guado
2:32 Loom
14:45 Feudal Age
16:16 Wheelbarrow
15:23 Horse Collar
15:31 Double-Bit Axe
23:09 Castle Age
24:20 Husbandry
24:45 Forging
24:40 Scale Barding Armor
28:43 Iron Casting
30:06 Chain Barding Armor
33:54 Hand Cart
hasanceylan256
Connection lost

Rejoining the realm…

Still unreachable

The connection could not be restored.

Session expired

The server has moved on; the page needs a fresh start.